 Seeded DCSS version 0.28.0-62-gf88900778d (webtiles) character file.

Game seed: 12063502943493819630 (custom seed)

755 cbfl8 the Chopper (level 7, -2/61 HPs)
             Began as a Minotaur Berserker on July 3, 2023.
             Was a Believer of Trog.
             Killed by divine providence
             ... invoked by an orc priest
              (8 damage)
             ... on level 5 of the Dungeon.
             The game lasted 00:03:12 (3476 turns).

cbfl8 the Chopper (Minotaur Berserker)              Turns: 3476, Time: 00:03:13

Health: -2/61      AC: 17    Str: 21    XL:     7   Next: 49%
Magic:  15/15      EV:  3    Int:  4    God:    Trog [**....]
Gold:   225        SH:  9    Dex: 12    Spells: 6/6 levels left

rFire   + . .      SeeInvis .   q - +0 hand axe (flame)
rCold   + . .      Faith    .   g - +0 buckler
rNeg    . . .      Spirit   .   a - +1 gold dragon scales
rPois   +          Reflect  +   (helmet restricted)
rElec   .          Harm     .   (no cloak)
rCorr   .          Rampage  .   e - +0 pair of gloves
Will    .....                   (no boots)
Stlth   ..........              n - amulet of reflection
HPRegen 0.20/turn               h - ring of magical power
MPRegen 0.14/turn               (no ring)

@: on berserk cooldown, flying, slowed, very slow
A: horns 2, retaliatory headbutt
a: Renounce Religion, Berserk, Trog's Hand


You were on level 5 of the Dungeon.
You worshipped Trog.
Trog was pleased with you.
You visited 1 branch of the dungeon, and saw 5 of its levels.

You collected 225 gold pieces.

Inventory:

Hand Weapons
 q - a +0 hand axe of flaming (weapon)
Armour
 a - +1 gold dragon scales (worn)
 e - a +0 pair of gloves (worn)
 g - a +0 buckler (worn)
Jewellery
 h - a ring of magical power (left hand)
 n - an amulet of reflection (around neck)
Scrolls
 c - a scroll of blinking
 d - 2 scrolls of teleportation
 f - a scroll of identify
 j - a scroll of holy word
 m - 4 scrolls of noise
 o - a scroll of enchant armour
Potions
 i - a potion of mutation
 k - a potion of lignification
 l - a potion of attraction {unknown}


   Skills:
 + Level 5.2 Fighting
 + Level 6.5 Axes
 + Level 5.3 Armour
 + Level 3.0 Dodging
 + Level 1.0 Stealth
 + Level 1.7 Shields
 * Level 3.0 Evocations


You had 6 spell levels left.
You didn't know any spells.
Your spell library was empty.

Dungeon Overview and Level Annotations

Branches:
Dungeon (5/15)             Temple (0/1) D:4

Altars:
Hepliaklqana


Innate Abilities, Weirdness & Mutations

You have a pair of horns on your head.
You reflexively headbutt those who attack you in melee.


Message History

An orc comes into view. It is wielding a +0 mace.
Your Stealth skill increases to level 1!
Your Evocations skill increases to level 3!
You are too confused!
You bump into the rock wall.
The orc shouts!
The orc hits you with a +0 dagger. The orc wizard barely misses you.
Something hits you but does no damage. The orc hits you but does no damage.
You bump into the rock wall.
The orc wizard barely misses you. Something hits you but does no damage.
The orc barely misses you. The orc wizard barely misses you.
The orc priest invokes the aid of Beogh against you.
You miss something. Your headbutt misses something. You hit the orc wizard.
You burn the orc wizard. You closely miss the orc.
Something hits you but does no damage. The orc hits you but does no damage.
The orc wizard hits you but does no damage.
Something hits you but does no damage. The orc hits you but does no damage.
You hit something. You burn something. You hit the orc. You burn the orc.
You hit the orc wizard. You burn the orc wizard.
You feel less confused.
The orc wizard hits you but does no damage.
The orc priest calls down the wrath of Beogh upon you.
Beogh smites you! Something hits you but does no damage.
You block the orc's attack.
The orc wizard hits you but does no damage.
The orc priest mumbles some strange prayers to Beogh against you.
Beogh smites you!
* * * LOW HITPOINT WARNING * * *
You hear some strange, mumbled words.
A puff of flame appears from out of thin air!
The puff of flame hits you. You resist.
* * * LOW HITPOINT WARNING * * *
It was a potion of flight.
You feel very buoyant.
You fly up into the air.
The orc priest looks encouraged for a moment.
You block something's attack.
The orc priest calls down the wrath of Beogh upon you.
Beogh smites you!
You die...

^....^.######
....^.......#
............#
............#
............#
...^...)).o)#
^..^.....ooo#
^.....####{##
.....# #@#
$.... #.#
.... #†# #
.(. #.# ..
...
#.######...
.+.
#..........
##8.
#.....#....
.... #.....#
# ... #.....#
###+###..


You could see an orc priest, an orc wizard and 2 orcs.

Vanquished Creatures
  A necrophage (D:4)
  An ice beast (D:5)
  An ogre (D:5)
  A centaur (D:5)
  A scorpion (D:5)
  A centaur skeleton (D:4)
  3 orc priests
  An iguana (D:5)
  4 orc wizards
  A hound skeleton (D:4)
  An adder (D:4)
  3 worms
  12 orcs
  7 endoplasms
  4 giant cockroaches
  3 goblins
  5 hobgoblins
  3 jackals (D:2)
  3 quokkas
  3 ball pythons
  A bat (D:2)
  2 frilled lizards
  9 kobolds
  5 rats
76 creatures vanquished.

Notes
Turn   | Place    | Note
-------+----------+-------------------------------------------
     0 | D:1      | cbfl8 the Minotaur Berserker began the quest for the Orb.
     0 | D:1      | Reached XP level 1. HP: 19/19 MP: 0/0
    25 | D:1      | You fall into a shaft and drop 1 floor!
   209 | D:1      | Reached XP level 2. HP: 27/27 MP: 1/1
   276 | D:1      | Reached skill level 4 in Axes
   414 | D:1      | Reached skill level 1 in Evocations
   533 | D:1      | Found a faded altar of an unknown god.
   822 | D:2      | Reached ** piety under Trog
   908 | D:2      | Reached XP level 3. HP: 33/33 MP: 2/2
  1053 | D:2      | Reached XP level 4. HP: 40/40 MP: 3/3
  2255 | D:4      | Reached skill level 5 in Axes
  2255 | D:4      | Reached XP level 5. HP: 47/47 MP: 4/4
  2555 | D:4      | Found a hazy altar of Hepliaklqana.
  2581 | D:4      | Noticed a necrophage
  2594 | D:4      | Killed a necrophage
  2595 | D:4      | Reached XP level 6. HP: 53/53 MP: 5/5
  2812 | D:4      | Found a staircase to the Ecumenical Temple.
  2964 | D:5      | Entered Level 5 of the Dungeon
  3024 | D:5      | Reached skill level 1 in Shields
  3199 | D:5      | Reached skill level 6 in Axes
  3342 | D:5      | Noticed an ice beast
  3348 | D:5      | Killed an ice beast
  3349 | D:5      | Reached skill level 5 in Armour
  3349 | D:5      | Reached XP level 7. HP: 60/60 MP: 6/6
  3462 | D:5      | Reached skill level 5 in Fighting
  3471 | D:5      | Reached skill level 1 in Stealth
  3476 | D:5      | Killed from afar by an orc priest

Illustrated notes

Levels and vault maps discovered:
D:1:      heliophobic_arrival_battle_scene, layout_basic,
          dilly_ecumenical_altar_fadedgnrine
D:2:      layout_basic, minmay_tiny_reverse_x
D:3:      layout_loops_ring, chequers_serial_rivers_micro_b
D:4:      layout_loops_cross, mainiacjoe_overflow_paths,
          minmay_temple_entry_purple_smoke
D:5:      layout_basic, jmf_multi_god_temple2, minmay_holes,
          kennysheep_generic_room_13

Skill      XL: |  1  2  3  4  5  6  7 |
---------------+----------------------+-----
Axes           | 4 5 6 |  6.5
Fighting       | 4 5 |  5.2
Evocations     | 1 2 3 |  3.0
Armour         | 3 4 5 |  5.3
Shields        | 1 |  1.7
Dodging        | 3 |  3.0
Stealth        | 1 |  1.0

Action                   |  1- 3 |  4- 6 |  7- 9 || total
-------------------------+-------+-------+-------++-------
Melee: Hand axe          |    51 |   125 |    13 ||   189
       Headbutt          |    16 |    19 |     2 ||    37
Invok: Berserk           |     1 |     2 |     1 ||     4
  Use: Scroll            |       |     9 |       ||     9
       Potion            |       |       |     1 ||     1
Armor: Animal skin       |     9 |       |       ||     9
       Scale mail        |     5 |    36 |       ||    41
       Gold dragon scale |       |    12 |    30 ||    42
Dodge: Dodged            |    34 |    40 |     7 ||    81
Block: Buckler           |     1 |    31 |     7 ||    39
       Reflection        |       |     2 |     2 ||     4
